 Dungeon Crawl Stone Soup version 0.23.2-1-ga50397a6bc (webtiles) character file.

Game seed: 16587088765878369674

350 OneEyedShark the Skirmisher (level 6, -14/56 HPs)
             Began as a Minotaur Berserker on May 28, 2019.
             Was a Believer of Trog.
             Demolished by an ogre
             ... wielding a +0 giant club
              (27 damage)
             ... on level 5 of the Dungeon.
             The game lasted 00:04:42 (2767 turns).

OneEyedShark the Skirmisher (Minotaur Berserker)    Turns: 2767, Time: 00:04:43

Health: -14/56     AC: 11    Str: 21    XL:     6   Next: 34%
Magic:  5/5        EV:  9    Int:  4    God:    Trog [**....]
Gold:   231        SH:  0    Dex: 12    Spells: 5/5 levels left

rFire    . . .     SeeInvis .   a - +0 mace
rCold    . . .     Gourm    .   (no shield)
rNeg     + . .     Faith    .   z - +0 chain mail
rPois    .         Spirit   .   (helmet restricted)
rElec    .         Reflect  .   (no cloak)
rCorr    .         Harm     .   r - +1 pair of gloves
MR       .....                  (no boots)
Stlth    ..........             g - amulet of rage
HPRegen  0.18/turn              b - ring of positive energy
MPRegen  0.09/turn              v - ring of flight

@: no status effects
A: retaliatory headbutt, horns 2
a: Berserk, Trog's Hand, Renounce Religion, Evoke Berserk Rage, Evoke Flight


You were on level 5 of the Dungeon.
You worshipped Trog.
Trog was pleased with you.
You were not hungry.

You visited 1 branch of the dungeon, and saw 5 of its levels.

You collected 231 gold pieces.

Inventory:

Hand Weapons
 a - a +0 mace (weapon)
Armour
 r - a +1 pair of gloves (worn)
 z - a +0 chain mail (worn)
Jewellery
 b - a ring of positive energy (left hand)
 g - an amulet of rage (around neck)
 u - an uncursed ring of magical power
 v - a ring of flight (right hand)
Wands
 w - a wand of paralysis (14)
 A - a wand of polymorph (12)
Scrolls
 d - a scroll of noise {unknown}
 e - a scroll of enchant armour
 i - 5 scrolls of identify
 j - a scroll of random uselessness {unknown}
 l - 2 scrolls of amnesia {unknown}
 m - 2 scrolls of remove curse {unknown}
 n - a scroll of immolation {unknown}
 p - 2 scrolls of magic mapping {unknown}
 s - a scroll of enchant weapon {unknown}
 y - a scroll of teleportation {unknown}
Potions
 f - a potion of magic {unknown}
 h - 5 potions of heal wounds {unknown}
 k - 2 potions of agility {unknown}
 o - a potion of haste {unknown}
 q - a potion of brilliance {unknown}
 t - a potion of curing {unknown}
Comestibles
 c - 7 rations
 x - 3 chunks of flesh


   Skills:
 + Level 5.3 Fighting
 + Level 5.3 Maces & Flails
 + Level 4.5 Armour
 + Level 4.0 Dodging


You had 5 spell levels left.
You didn't know any spells.
Your spell library was empty.

Dungeon Overview and Level Annotations

Branches:
Dungeon (5/15)
 Temple: D:4-7

Altars:
Cheibriados
Gozag
The Shining One

Shops:
D:4 (


Innate Abilities, Weirdness & Mutations

You reflexively headbutt those who attack you in melee.
You have a pair of horns on your head.


Message History

Put on which piece of jewellery? (? for menu, Esc to quit)
You're wearing all the rings you can.
Remove which one? (? for menu, Esc to cancel) < or
u - a ring of magical power; > or
v - a ring of flight You remove your ring of magical power.
You feel your magic capacity decrease.
b - a ring of positive energy (left hand)
Found a ring mail.
An ogre comes into view. It is wielding a +0 giant club.
The ogre shouts!
You see here a ring mail.
You are too injured to fight recklessly!
You are too injured to fight recklessly!
You sock the ogre!
The ogre is moderately wounded.
The ogre hits you with a +0 giant club!
* * * LOW HITPOINT WARNING * * *
You hit the ogre.
The ogre is heavily wounded.
The ogre hits you with a +0 giant club!!
You die...

# ####.#.#
.##......# .
.........## # ..
...#.##..####....
...
................
.....##....####....
.. #.#.## #
#.##.#.# #.O@...#
####[### #.# #.#
..# ###


You could see an ogre.

Vanquished Creatures
  An ogre (D:5)
  A jelly (D:5)
  3 hounds (D:4)
  An orc priest (D:3)
  An iguana (D:5)
  A hound skeleton (D:4)
  An adder (D:4)
  An adder skeleton (D:4)
  3 dart slugs
  3 leopard geckos
  4 orcs (D:3)
  7 bats
  2 giant cockroaches
  5 hobgoblins
  2 jackals (D:4)
  3 quokkas
  2 ball pythons (D:1)
  5 frilled lizards
  A goblin (D:1)
  4 kobolds
  A leopard gecko skeleton (D:4)
  4 rats
56 creatures vanquished.

Notes
Turn   | Place    | Note
-------+----------+-------------------------------------------
     0 | D:1      | OneEyedShark the Minotaur Berserker began the quest for the
                  | Orb.
     0 | D:1      | Reached XP level 1. HP: 19/19 MP: 0/0
   140 | D:1      | Reached XP level 2. HP: 22/27 MP: 1/1
   690 | D:2      | Reached ** piety under Trog
  1070 | D:2      | Reached XP level 3. HP: 33/33 MP: 2/2
  1281 | D:3      | Found a snail-covered altar of Cheibriados.
  1300 | D:3      | Reached XP level 4. HP: 15/41 MP: 3/3
  1682 | D:3      | Found a glowing golden altar of the Shining One.
  1821 | D:4      | Found Qeodasin's Antique Weapon Shop.
  2137 | D:4      | Reached XP level 5. HP: 47/47 MP: 4/4
  2419 | D:5      | Entered Level 5 of the Dungeon
  2459 | D:5      | Noticed an ogre
  2461 | D:5      | Found an opulent altar of Gozag.
  2501 | D:4      | Reached skill level 5 in Fighting
  2501 | D:4      | Reached skill level 5 in Maces & Flails
  2700 | D:5      | Killed an ogre
  2700 | D:5      | Reached XP level 6. HP: 41/56 MP: 5/5
  2767 | D:5      | Demolished by an ogre

Skill      XL: |  1  2  3  4  5 |
---------------+----------------+-----
Fighting       | 4 5 |  5.3
Maces & Flails | 4 5 |  5.3
Armour         | 3 4 |  4.5
Dodging        | 3 4 |  4.0

Action                   |  1- 3 |  4- 6 || total
-------------------------+-------+-------++-------
Melee: Mace              |    56 |    69 ||   125
       Headbutt          |    12 |    12 ||    24
  Use: Scroll            |       |     3 ||     3
  Eat: Chunk             |     1 |     5 ||     6
Armor: Animal skin       |     3 |     6 ||     9
       Chain mail        |       |    13 ||    13
Dodge: Dodged            |    40 |    48 ||    88
